 Dungeon Crawl Stone Soup version 0.29.1-15-g9cfb28693d (webtiles) character file.

Game seed: 13249518730942631192

559 Dillmonsterx101 the Chopper (level 7, -22/61 HPs)
             Began as a Minotaur Fighter on Mar 20, 2023.
             Killed by an exploding ice beast (35 damage)
             ... ignited by their inner flame
             ... on level 5 of the Dungeon.
             The game lasted 00:25:15 (4031 turns).

Dillmonsterx101 the Chopper (Minotaur Fighter)      Turns: 4031, Time: 00:25:21

Health: -22/61     AC: 10    Str: 22    XL:     7   Next: 9%
Magic:  6/6        EV: 11    Int:  5    God:
Gold:   203        SH:  5    Dex: 16    Spells: 6/6 levels left

rFire   . . .      SeeInvis .   X - +2 morningstar (holy)
rCold   . . .      Faith    .   c - +0 buckler
rNeg    . . .      Spirit   .   w - +2 ring mail {rPois}
rPois   +          Reflect  .   (helmet restricted)
rElec   .          Harm     .   n - scarf {+Inv}
rCorr   .          Rampage  .   (no gloves)
Will    .....                   s - +1 pair of boots
Stlth   +.........              (no amulet)
HPRegen 0.20/turn               g - +6 ring of dexterity
MPRegen 0.10/turn               (no ring)

@: no status effects
A: horns 2, retaliatory headbutt
a: Evoke Invisibility


You were on level 5 of the Dungeon.
You visited 2 branches of the dungeon, and saw 6 of its levels.

You collected 203 gold pieces.

Inventory:

Hand Weapons
 o - a +1 whip of flaming
 W - a +0 hand axe of venom
 X - a +2 morningstar of holy wrath (weapon)
Missiles
 j - 10 poisoned darts (quivered)
Armour
 b - a +0 scale mail
 c - a +0 buckler (worn)
 i - a +0 robe
 m - a +0 robe
 n - a scarf of invisibility (worn)
 s - a +1 pair of boots (worn)
 w - a +2 ring mail of poison resistance (worn)
 E - a +0 buckler
 P - a +0 animal skin
 Y - a +0 scale mail
Jewellery
 g - a +6 ring of dexterity (left hand)
 l - an amulet of faith
Wands
 x - a wand of flame (8)
Scrolls
 a - a scroll of immolation
 e - a scroll of noise {unknown}
 f - 7 scrolls of identify {unknown}
 h - a scroll of brand weapon {unknown}
 k - a scroll of acquirement {unknown}
 p - 3 scrolls of fog {unknown}
 t - a scroll of poison {unknown}
 u - a scroll of summoning {unknown}
 y - a scroll of enchant weapon {unknown}
 z - a scroll of fear {unknown}
 B - a scroll of enchant armour {unknown}
 J - a scroll of amnesia {unknown}
 Z - 2 scrolls of teleportation {unknown}
Potions
 d - a potion of might
 q - a potion of attraction {unknown}
 r - a potion of brilliance {unknown}
 v - a potion of flight {unknown}
 A - a potion of lignification {unknown}
 M - a potion of degeneration {unknown}
 V - 3 potions of curing {unknown}


   Skills:
 + Level 5.0 Fighting
 - Level 6.2(6.5) Axes
 * Level 2.5(4.7) Maces & Flails
 + Level 4.6 Armour
 + Level 2.6 Dodging
 + Level 0.1 Stealth
 + Level 4.6 Shields


You had 6 spell levels left.
You didn't know any spells.
Your spell library contained the following spells:

 Spells                   Type           Power      Damage    Failure   Level
 Freeze                   Ice            0%         1d3       73%         1
 Blink                    Tloc           0%         N/A       86%         2
 Ensorcelled Hibernation  Hex/Ice        0%         N/A       86%         2
 Static Discharge         Conj/Air       0%         3-3/arc   86%         2
 Frozen Ramparts          Ice            0%         1d1       97%         3
 Inner Flame              Hex/Fire       0%         N/A       97%         3
 Spider Form              Tmut/Pois      0%         N/A       97%         3
 Anguish                  Hex/Necr       0%         N/A       100%        4
 Cause Fear               Hex            0%         N/A       100%        4
 Hailstorm                Conj/Ice       0%         3d3       100%        4
 Blade Hands              Tmut           0%         N/A       100%        5
 Irradiate                Conj/Tmut      0%         3d11      100%        5
 Lightning Bolt           Conj/Air       0%         1d11      100%        5
 Manifold Assault         Tloc           0%         N/A       100%        5
 Dragon Form              Tmut           0%         N/A       100%        7
 Storm Form               Tmut/Air       0%         N/A       100%        7
 Discord                  Hex            0%         N/A       100%        8
 Maxwell's Capacitive Co  Air            0%         ∞         100%        8


Dungeon Overview and Level Annotations

Branches:
Dungeon (5/15)             Temple (1/1) D:4

Altars:
Ashenzari
Cheibriados
Dithmenos
Elyvilon
Gozag
Hepliaklqana
Kikubaaqudgha
Makhleb
Nemelex Xobeh
Okawaru
Qazlal
Ru
Sif Muna
Uskayaw
Vehumet
Wu Jian
Xom
Yredelemnul
Zin
The Shining One

Shops:
D:4 =


Innate Abilities, Weirdness & Mutations

You have a pair of horns on your head.
You reflexively headbutt those who attack you in melee.


Message History

You closely miss the ice beast.
You headbutt the ice beast, but do no damage.
The ice beast is severely wounded.
The ice beast barely misses you. You furiously retaliate!
You headbutt the ice beast, but do no damage.
The ice beast hits you. The ice beast freezes you.
You closely miss the ice beast.
The ice beast is severely wounded.
The ice beast hits you. The ice beast freezes you.
You hit the ice beast but do no damage. Your headbutt misses the ice beast.
The ice beast is severely wounded.
The ice beast hits you but does no damage.
You barely miss the ice beast.
The ice beast is severely wounded.
The ice beast hits you. The ice beast freezes you!
You closely miss the ice beast. You headbutt the ice beast.
The ice beast is severely wounded.
The ice beast hits you. The ice beast freezes you!
* * * LOW HITPOINT WARNING * * *
The ice beast closely misses you.
As you read the scroll labelled VYBBEROTIM, it crumbles to dust.
The creatures around you are filled with an inner flame!
It was a scroll of immolation.
The ice beast barely misses you.
Really read the scroll of immolation?
Okay, then.
Unknown command.
You hit the ice beast but do no damage.
The ice beast is severely wounded.
The ice beast completely misses you.
You hit the ice beast but do no damage.
You headbutt the ice beast, but do no damage.
The ice beast is severely wounded.
The ice beast barely misses you.
You hit the ice beast.
Flame seeps out of the ice beast.
The ice beast is almost dead.
The ice beast is engulfed in blazing flames.
The ice beast explodes!
The fiery explosion engulfs you!!
Ouch! That really hurt!
You die...

#.# #.# #.#
#####.##
......##
#.....#
#.§§§######
#.@○§......
###§#####.#
#.# ##'##
##...##
##.....##
##......<##
#.........#
+.........+


There were no monsters in sight!

Vanquished Creatures
  Grinder (D:3)
  An ice beast (D:5)
  A necrophage (D:4)
  An iguana (D:4)
  An orc wizard (D:3)
  Robin (D:3)
  4 gnolls (D:4)
  8 adders
  An ufetubus (D:4)
  2 adder zombies (D:3)
  A worm (D:2)
  3 dart slugs
  6 orcs
  5 ball pythons
  4 bats
  7 endoplasms
  4 giant cockroaches
  18 goblins
  18 hobgoblins
  3 kobolds
  5 quokkas
  4 frilled lizards
  A giant cockroach zombie (D:3)
  A jackal zombie (D:3)
  3 rats
104 creatures vanquished.

Vanquished Creatures (others)
  30 plants
30 creatures vanquished.

Grand Total: 134 creatures vanquished

Notes
Turn   | Place    | Note
-------+----------+-------------------------------------------
     0 | D:1      | Dillmonsterx101 the Minotaur Fighter began the quest for
                  | the Orb.
     0 | D:1      | Reached XP level 1. HP: 19/19 MP: 0/0
   235 | D:1      | Reached XP level 2. HP: 27/27 MP: 1/1
   337 | D:1      | Found a faded altar of an unknown god.
   767 | D:2      | Reached skill level 3 in Axes
   767 | D:2      | Reached XP level 3. HP: 28/33 MP: 2/2
  1119 | D:2      | Found a broken altar of Ashenzari.
  1460 | D:2      | Reached XP level 4. HP: 40/40 MP: 3/3
  1632 | D:2      | Reached skill level 1 in Dodging
  1844 | D:3      | Reached skill level 4 in Axes
  1883 | D:3      | Noticed Robin
  1901 | D:3      | Killed Robin
  1925 | D:3      | Found a stormy altar of Qazlal.
  2088 | D:3      | Noticed Grinder
  2099 | D:3      | Paralysed by Grinder for 5 turns
  2111 | D:3      | Paralysed by Grinder for 5 turns
  2116 | D:3      | Killed Grinder
  2117 | D:3      | Reached skill level 5 in Axes
  2117 | D:3      | Reached XP level 5. HP: 31/47 MP: 4/4
  2117 | D:3      | Reached XP level 6. HP: 35/53 MP: 5/5
  2532 | D:3      | Reached skill level 6 in Axes
  2589 | D:3      | Found a basalt altar of Yredelemnul.
  2730 | D:3      | Found a radiant altar of Vehumet.
  2790 | D:3      | Found a sparkling altar of Nemelex Xobeh.
  2822 | D:3      | Found a shimmering altar of Xom.
  2869 | D:3      | Found an iron altar of Okawaru.
  3010 | D:4      | Reached skill level 1 in Maces & Flails
  3148 | D:4      | Found a staircase to the Ecumenical Temple.
  3239 | D:4      | Reached skill level 5 in Fighting
  3240 | D:4      | Reached XP level 7. HP: 56/61 MP: 6/6
  3420 | D:4      | Found Xorch's Jewellery Shop.
  3655 | Temple   | Entered the Ecumenical Temple
  4001 | D:5      | Entered Level 5 of the Dungeon
  4031 | D:5      | Killed by an exploding ice beast... ignited by their inner
                  | flame

Illustrated notes

Levels and vault maps discovered:
D:1:      minmay_arrival_semitransparent, layout_loops_cross,
          chequers_ecumenical_altar_simple_redux, corner_web_ring,
          minmay_strange_pillars, serial_bayou_pond_e, minmay_box_of_dots
D:2:      layout_basic, basic_altar, serial_bayou_lagoon_a
D:3:      layout_basic, okawaru_altar_gauntlet_db,
          nicolae_yredelemnul_corpse_copse, nicolae_overflow_quartered_altars,
          minmay_fractal_squares_5, uniq_grinder, uniq_robin
D:4:      layout_cave_pools, minmay_temple_entry_glassed_door, serial_shops,
          shop, kennysheep_generic_room_3
D:5:      layout_loops_corners
Temple:   compressed_dpeg_circular_temple

Skill      XL: |  1  2  3  4  5  6 |
---------------+-------------------+-----
Shields        | 4 |  4.6
Fighting       | 4 5 |  5.0
Axes           | 3 5 6 |  6.2
Dodging        | 2 |  2.6
Armour         | 4 |  4.6
Maces & Flails | 2 |  2.5
Stealth        | |  0.1

Action                   |  1- 3 |  4- 6 |  7- 9 || total
-------------------------+-------+-------+-------++-------
Melee: War axe           |    62 |    52 |       ||   114
       Headbutt          |     7 |    19 |     6 ||    32
       Morningstar       |       |    59 |    23 ||    82
       Hand axe          |       |    17 |       ||    17
  Use: Scroll            |       |       |     1 ||     1
Armor: Scale mail        |    23 |       |       ||    23
       Ring mail         |     6 |    61 |     6 ||    73
Dodge: Dodged            |    33 |    67 |     8 ||   108
Block: Buckler           |    24 |    35 |     6 ||    65
